 Dungeon Crawl Stone Soup version 0.31.0-11-ge490571c62 (webtiles) character file.

Game seed: 6659308622168767281

114 Buffagor the Ruffian (level 4, -1/38 HPs)
             Began as a Naga Shapeshifter on Jan 31, 2024.
             Slain by Ijyb
             ... wielding a +1 dagger of freezing
              (3 damage)
             ... on level 3 of the Dungeon.
             The game lasted 00:07:04 (1841 turns).

Buffagor the Ruffian (Naga Shapeshifter)            Turns: 1841, Time: 00:07:05

Health: -1/38      AC:  2    Str: 16    XL:     4   Next: 98%
Magic:  4/4        EV:  9    Int: 11    God:
Gold:   113        SH:  0    Dex: 12    Spells: 3/3 levels left

rFire   . . .        a - +2 dagger (elec)
rCold   . . .        (no shield)
rNeg    . . .        l - +0 leather armour
rPois   +            (helmet currently unavailable)
rElec   .            (cloak currently unavailable)
rCorr   .            (gloves currently unavailable)
SInv    +            (no barding)
Will    .....        (no amulet)
Stlth   +            (no ring)
HPRegen 0.26/turn    (no ring)
MPRegen 0.09/turn

%: no passive effects
@: short of breath, beast-form, very slow
A: beast (slay +1), AC +1, large, see invisible, deformed body, poison
resistance, slowness 2, spit poison 1, naga tail 1
a: Spit Poison, Begin Untransformation


You were on level 3 of the Dungeon.
You were a hulking beast.
You visited 1 branch of the dungeon, and saw 3 of its levels.

You collected 113 gold pieces.

Inventory:

Hand Weapons
 a - a +2 dagger of electrocution (weapon)
 r - a +0 sling
Armour
 b - a +0 helmet
 h - a +0 helmet
 i - a +0 animal skin
 l - a +0 leather armour (worn)
Jewellery
 n - a +6 ring of intelligence
Talismans
 c - a beast talisman
 d - a flux talisman
Scrolls
 g - a scroll of amnesia {unknown}
 j - a scroll of enchant armour {unknown}
 m - a scroll of revelation {unknown}
 o - 2 scrolls of teleportation {unknown}
 p - a scroll of identify {unknown}
 q - a scroll of blinking {unknown}
Potions
 e - a potion of mutation {unknown}
 f - a potion of invisibility {unknown}
 k - a potion of ambrosia {unknown}


   Skills:
 - Level 1.0 Fighting
 - Level 1.5 Dodging
 * Level 5.5 Unarmed Combat
 - Level 3.0 Shapeshifting


You had 3 spell levels left.
You didn't know any spells.
Your spell library contained the following spells:

 Spells                   Type           Power      Damage    Failure   Level
 Summon Small Mammal      Summ           0%         N/A       41%         1
 Lesser Beckoning         Tloc           0%         N/A       54%         2
 Call Canine Familiar     Summ           0%         N/A       78%         3
 Gell's Gravitas          Tloc           0%         N/A       78%         3
 Teleport Other           Tloc           0%         N/A       78%         3
 Summon Blazeheart Golem  Fire/Summ      0%         N/A       99%         4


Dungeon Overview and Level Annotations

Branches:
Dungeon (3/15)

Altars:

Annotations:
D:3 Ijyb


Innate Abilities, Weirdness & Mutations

You are a hulking beast.
Your limbs bulge with bestial killing power. (Slay +1)
Your serpentine skin is tough. (AC +1)
You have supernaturally acute eyesight. (SInv)
Armour fits poorly on your strangely shaped body.
Your system is resistant to poisons. (rPois)
You cover ground very slowly.
You can spit poison.
You have a snake-like lower body.


Message History

You are too injured to fight recklessly!
You are too injured to fight recklessly!
You are too injured to fight recklessly!
You are too injured to fight recklessly!
You are too injured to fight recklessly!
You are too injured to fight recklessly!
You are too injured to fight recklessly!
You are too injured to fight recklessly!
You are too injured to fight recklessly!
You are too injured to fight recklessly!
Unknown command.
You closely miss Ijyb.
Ijyb is lightly wounded.
Ijyb hits you with a +1 dagger of freezing!
* * * LOW HITPOINT WARNING * * *
Ijyb freezes you.
* * * LOW HITPOINT WARNING * * *
You hit Ijyb but do no damage.
Ijyb is lightly wounded.
Ijyb screams, "I dance on your bones!"
Ijyb hits you with a +1 dagger of freezing.
* * * LOW HITPOINT WARNING * * *
Ijyb freezes you.
* * * LOW HITPOINT WARNING * * *
You puncture Ijyb!
Ijyb is heavily wounded.
Ijyb barely misses you.
You closely miss Ijyb.
Ijyb is moderately wounded.
You have got your breath back.
Ijyb screams, "I no like you!"
Ijyb zaps a wand.
The puff of flame hits you.
* * * LOW HITPOINT WARNING * * *
Aiming: Spit Poison (1% risk of failure)
Press: ? - help, Shift-Dir - straight line, f/p - Ijyb
Aim: Ijyb, wielding a +1 dagger of freezing, wearing a +0 chain mail and carrying a wand of flame (heavily wounded, poisoned, 59% to hit)
The splash of poison hits Ijyb.
Ijyb looks even sicker.
Ijyb is heavily wounded.
Ijyb hits you with a +1 dagger of freezing.
You die...

#.######....#.####.#
#................#
#........#.....###
#........#.....#
######...#.....#
#...#.....# #
#...#.....#
#.#.######...#.....#
#...gh........#....#
#.#############...##


You could see Ijyb (very poisoned).

Vanquished Creatures
  Terence (D:3)
  Robin (D:2)
  A gnoll (D:1)
  An adder (D:3)
  A dart slug (D:2)
  A ribbon worm (D:3)
  2 ball pythons
  2 bats
  7 endoplasms
  5 hobgoblins (D:2)
  3 jackals (D:2)
  2 quokkas
  13 goblins
  3 kobolds
  11 rats
54 creatures vanquished.

Notes
Turn   | Place    | Note
-------+----------+-------------------------------------------
     0 | D:1      | Buffagor the Naga Shapeshifter began the quest for the Orb.
     0 | D:1      | Reached XP level 1. HP: 18/18 MP: 1/1
    60 | D:1      | Found a faded altar of an unknown god.
    66 | D:1      | Reached XP level 2. HP: 19/25 MP: 2/2
   308 | D:1      | Reached skill level 4 in Unarmed Combat
   401 | D:1      | Reached XP level 3. HP: 28/31 MP: 3/3
   901 | D:2      | Noticed Robin
   929 | D:2      | Killed Robin
   930 | D:2      | Reached XP level 4. HP: 15/38 MP: 4/4
  1141 | D:2      | Reached skill level 5 in Unarmed Combat
  1659 | D:3      | Noticed Terence
  1670 | D:3      | Killed Terence
  1832 | D:3      | Noticed Ijyb
  1840 | D:3      | HP: 1/38 [Ijyb/puff of flame (5)]
  1841 | D:3      | Slain by Ijyb

Illustrated notes

Levels and vault maps discovered:
D:1:      nzn_arrival_settlement, layout_basic, basic_ecumenical_altar
D:2:      layout_loops_cross, serial_forest, infiniplex_forest_clump_long,
          infiniplex_forest_clump_tiny, infiniplex_forest_clump_medium,
          infiniplex_forest_clump_cross, infiniplex_forest_clump_small,
          infiniplex_forest_lined_2, serial_park_tiny_2,
          chequers_serial_rivers_micro_c, minmay_rat_gold_closets, uniq_robin
D:3:      layout_basic, minmay_crystal_water, nrook_uturn, uniq_natasha,
          uniq_ijyb, uniq_grinder, uniq_terence

Skill      XL: |  1  2  3  4 |
---------------+-------------+-----
Unarmed Combat | 4 5 |  5.5
Fighting       | |  1.0
Dodging        | |  1.5
Shapeshifting  | |  3.0

Action                     |  1- 3 |  4- 6 || total
---------------------------+-------+-------++-------
  Melee: Unarmed           |    23 |       ||    23
         Dagger            |    40 |    97 ||   137
         Punch             |     1 |     1 ||     2
Ability: Spit Poison       |    18 |    10 ||    28
    Use: Potion            |     1 |       ||     1
   Stab: Sleeping          |     1 |       ||     1
 Armour: Animal skin       |    11 |       ||    11
         Skin              |    42 |    20 ||    62
         Leather armour    |    10 |    24 ||    34
  Dodge: Dodged            |    18 |    18 ||    36
